 Dungeon Crawl Stone Soup version 0.29.1-15-g9cfb28693d (webtiles) character file.

Game seed: 18175540800619894812

195 Smoke131 the Firebug (level 5, -1/38 HPs)
             Began as a Draconian Fire Elementalist on Feb 25, 2023.
             Slain by an iguana (2 damage)
             ... on level 3 of the Dungeon.
             The game lasted 00:06:46 (2711 turns).

Smoke131 the Firebug (Draconian Fire Elementalist)  Turns: 2711, Time: 00:06:47

Health: -1/38      AC:  9    Str: 11    XL:     5   Next: 45%
Magic:  2/9        EV: 12    Int: 17    God:
Gold:   191        SH:  0    Dex: 11    Spells: 7/10 levels left

rFire   . . .      SeeInvis .   n - +0 hand axe (vorpal)
rCold   . . .      Faith    .   (no shield)
rNeg    . . .      Spirit   .   (body armour unavailable)
rPois   .          Reflect  .   (helmet restricted)
rElec   .          Harm     .   (no cloak)
rCorr   .          Rampage  .   b - +2 pair of gloves
Will    .....                   j - +0 pair of boots
Stlth   ++........              (no amulet)
HPRegen 0.12/turn               (no ring)
MPRegen 0.11/turn               (no ring)

@: no status effects
A: AC +5, unfitting armour, cold-blooded
a: no special abilities


You were on level 3 of the Dungeon.
You visited 1 branch of the dungeon, and saw 4 of its levels.

You collected 191 gold pieces.

Inventory:

Hand Weapons
 n - a +0 vorpal hand axe (weapon)
Armour
 b - a +2 pair of gloves (worn)
 j - a +0 pair of boots (worn)
Wands
 h - a wand of paralysis (12)
Potions
 a - 2 potions of magic
 d - 3 potions of curing
 f - 3 potions of lignification
 o - a potion of brilliance {unknown}


   Skills:
 + Level 3.0 Dodging
 - Level 1.7 Stealth
 + Level 3.1 Spellcasting
 + Level 2.7 Conjurations
 + Level 4.0 Fire Magic


You had 7 spell levels left.
You knew the following spells:

 Your Spells              Type           Power      Damage    Failure   Level
a - Foxfire               Conj/Fire      56%        2x1d6     4%          1
b - Scorch                Fire           32%        2d7       4%          2

Your spell library contained the following spells:

 Spells                   Type           Power      Damage    Failure   Level
 Conjure Flame            Conj/Fire      14%        6-21      13%         3
 Inner Flame              Hex/Fire       9%         N/A       22%         3
 Flame Wave               Conj/Fire      14%        2d6       38%         4


Dungeon Overview and Level Annotations

Branches:
Dungeon (4/15)             Temple (0/1) D:4

Altars:
Yredelemnul
The Shining One

Shops:
D:1 :!

Annotations:
D:3 1 runed translucent door, Arctor's ghost, amateur DrTm


Innate Abilities, Weirdness & Mutations

Your plain brown scales are hard. (AC +5)
You cannot fit into any form of body armour.
You are cold-blooded and may be slowed by cold attacks.


Message History

You hit the gnoll. You closely miss the gnoll.
The gnoll hits you with a +0 club. The gnoll hits you with a +0 flail.
Your Fire Magic skill increases to level 4!
You slash the gnoll!
You kill the gnoll!
You barely miss the gnoll. You miss the goblin.
You hit the iguana but do no damage. The goblin hits you but does no damage.
The gnoll hits you with a +0 flail. The iguana bites you!
* * * LOW HITPOINT WARNING * * *
Your Dodging skill increases to level 3!
You feel much better. The goblin hits you with a +0 dagger.
The gnoll closely misses you. The iguana bites you!
You feel much better. The goblin hits you but does no damage.
The gnoll misses you. The iguana bites you.
You barely miss the goblin. You tail-slap the goblin.
You kill the goblin!
You barely miss the iguana. You hit the gnoll.
The gnoll hits you but does no damage. The iguana closely misses you.
The gnoll attacks as you move away! The gnoll barely misses you.
Things that are here:
a +0 club; a gnoll corpse The iguana attacks as you move away!
The iguana completely misses you. The gnoll attacks as you move away!
The gnoll hits you but does no damage. The gnoll hits you but does no damage.
Found 14 gold pieces.
There is a stone staircase leading up here.
You hit the gnoll but do no damage.
The gnoll is moderately wounded.
You barely miss the iguana. The gnoll misses you. The iguana misses you.
The iguana bites you! The gnoll hits you with a +0 flail. The iguana bites you!
* * * LOW HITPOINT WARNING * * *
The gnoll hits you with a +0 flail.
* * * LOW HITPOINT WARNING * * *
You climb upwards.
Level annotation: 1 runed translucent door, Arctor's ghost, amateur DrTm
There is a stone staircase leading down here.
The iguana barely misses you. The iguana attacks as you move away!
The iguana bites you.
You die...

####### #.....#
############.###@#
.............).lg#
...............#.#
.#####.....#.#.#.#
...<.......'.#.###
####.###...###.#
...........# #.#
..##.####'####.############
..##.# #.#...............#


You could see an iguana and a gnoll.

Vanquished Creatures
  An orc priest (D:3)
  8 adders
  3 gnolls (D:4)
  A worm (D:3)
  A dart slug (D:2)
  3 orcs (D:3)
  3 ball pythons
  2 endoplasms
  5 goblins
  4 kobolds
  3 quokkas
  5 bats
  A frilled lizard (D:3)
  8 rats
48 creatures vanquished.

Vanquished Creatures (others)
  An orc wizard (D:3)
  56 foxfires
57 creatures vanquished.

Grand Total: 105 creatures vanquished

Notes
Turn   | Place    | Note
-------+----------+-------------------------------------------
     0 | D:1      | Smoke131 the Draconian Fire Elementalist began the quest
                  | for the Orb.
     0 | D:1      | Reached XP level 1. HP: 14/14 MP: 3/3
   230 | D:1      | Found Dar Itti's Book Boutique.
   285 | D:1      | Found Tizisavu's Distillery.
   497 | D:1      | Found a faded altar of an unknown god.
   590 | D:1      | Reached XP level 2. HP: 20/20 MP: 1/5
   593 | D:1      | Learned a level 2 spell: Scorch
   858 | D:2      | Reached XP level 3. HP: 26/26 MP: 1/6
  1185 | D:2      | Found a basalt altar of Yredelemnul.
  1365 | D:3      | Reached XP level 4. HP: 33/33 MP: 2/7
  1646 | D:3      | Reached XP level 5. HP: 9/38 MP: 0/9
  2009 | D:3      | Found a runed translucent door.
  2137 | D:3      | Found a glowing golden altar of the Shining One.
  2596 | D:3      | Noticed Arctor's ghost (amateur DrTm)
  2698 | D:4      | Reached skill level 4 in Fire Magic
  2708 | D:4      | HP: 1/38 [gnoll/+0 flail (6)]
  2711 | D:3      | Slain by an iguana

Illustrated notes

Levels and vault maps discovered:
D:1:      lordsloth_arrival_two_stooges, layout_basic, basic_ecumenical_altar,
          serial_shops, nicolae_shop_behind_doors, nicolae_lakefront_shop
D:2:      layout_rooms, basic_altar
D:3:      layout_basic, tso_altar, ebering_ghost_sewer_d, kennysheep_orc_chapel
D:4:      layout_basic, minmay_temple_entry_antechambers,
          nicolae_ossuary_entry_monument, minmay_misc_feat_roman, minivault_11,
          minmay_misc_feat_four_crosses, hangedman_decor_lopped, uniq_duvessa

Skill      XL: |  1  2  3  4  5 |
---------------+----------------+-----
Dodging        | 2 3 |  3.0
Conjurations   | 2 |  2.7
Spellcasting   | 3 |  3.1
Fire Magic     | 4 |  4.0
Stealth        | |  1.7

Action                   |  1- 3 |  4- 6 || total
-------------------------+-------+-------++-------
Melee: Spear             |    64 |    40 ||   104
       Unarmed           |     6 |       ||     6
       Tailslap          |     8 |    10 ||    18
       Hand axe          |       |    32 ||    32
       Punch             |       |     1 ||     1
 Cast: Foxfire           |    25 |     7 ||    32
       Scorch            |       |    11 ||    11
  Use: Potion            |       |     4 ||     4
       Scroll            |       |     8 ||     8
 Stab: Sleeping          |       |     1 ||     1
Armor: Skin              |    45 |    38 ||    83
Dodge: Dodged            |    57 |    64 ||   121
